 Dungeon Crawl Stone Soup version 0.18.1-48-g4cf74bf (webtiles) character file.

109 Heedrag the Conjurer (level 4, -7/24 HPs)
             Began as a Deep Elf Conjurer on Aug 4, 2016.
             Killed from afar by an orc wizard (16 damage)
             ... with a puff of flame
             ... on level 3 of the Dungeon.
             The game lasted 00:04:45 (2029 turns).

Heedrag the Conjurer (Deep Elf Conjurer)            Turns: 2029, Time: 00:04:46

Health: -7/24      AC:  2    Str:  6    XL:     4   Next: 59%
Magic:  11/11      EV: 13    Int: 20    God:
Gold:   118        SH:  0    Dex: 15    Spells: 3 memorised, 2 levels left

rFire  . . .     SeeInvis .     k - +2 short sword (holy)
rCold  . . .     Gourm    .     a - +0 robe
rNeg   + . .     Faith    .     (no shield)
rPois  .         Spirit   .     (no helmet)
rElec  .         Dismiss  .     (no cloak)
rCorr  .         Reflect  .     (no gloves)
SustAt .         Harm     +     (no boots)
MR     .....                    u - amulet of harm
Stlth  +++.......               (no ring)
                                d - ring of positive energy

@: not resistant to hostile enchantments, fairly stealthy
A: no striking features
a: no special abilities


You were on level 3 of the Dungeon.
You were not hungry.

You visited 1 branch of the dungeon, and saw 3 of its levels.

You collected 118 gold pieces.

Inventory:

Hand Weapons
 k - a +2 short sword of holy wrath (weapon)
Armour
 a - a +0 robe (worn)
Jewellery
 d - a ring of positive energy (left hand)
 u - an amulet of harm (around neck)
Wands
 v - a wand of flame (24/48)
Scrolls
 f - 3 scrolls of teleportation {unknown}
 h - a scroll of noise {unknown}
 m - a scroll of random uselessness {unknown}
 o - a scroll of recharging {unknown}
 p - a scroll of enchant weapon {unknown}
 t - 3 scrolls of remove curse {unknown}
 x - a scroll of magic mapping {unknown}
 y - a scroll of identify {unknown}
Potions
 e - 2 potions of lignification {unknown}
 g - 2 potions of berserk rage {unknown}
 i - 4 potions of curing {unknown}
 j - a potion of resistance {unknown}
 l - 2 potions of might {unknown}
 n - a potion of ambrosia {unknown}
 q - a potion of invisibility {unknown}
 r - a potion of cancellation {unknown}
 s - a potion of brilliance {unknown}
Books
 b - a book of Conjurations

   Spells                             Type                      Level
   a - Magic Dart                     Conjuration                  1
   b - Searing Ray                    Conjuration                  2
   c - Dazzling Spray                 Conjuration/Hexes            3
   d - Fulminant Prism                Conjuration/Hexes            4
   e - Iskenderun's Mystic Blast      Conjuration                  4
   f - Iskenderun's Battlesphere      Conjuration/Charms           5
 w - a book of the Dragon

   Spells                             Type                      Level
   a - Flame Tongue                   Conjuration/Fire             1
   b - Cause Fear                     Hexes                        4
   c - Bolt of Fire                   Conjuration/Fire             6
   d - Dragon Form                    Transmutation                7
   e - Dragon's Call                  Summoning                    9
Comestibles
 c - a bread ration
 z - 2 chunks of flesh


   Skills:
 + Level 3.5 Dodging
 + Level 4.2 Stealth
 + Level 3.9 Spellcasting
 + Level 5.0 Conjurations


You had 2 spell levels left.
You knew the following spells:

 Your Spells              Type           Power        Failure   Level  Hunger
a - Magic Dart            Conj           ###.         1%          1    None
b - Dazzling Spray        Conj/Hex       ##....       17%         3    ###....
c - Iskenderun's Mystic   Conj           ###.....     21%         4    ####...


Dungeon Overview and Level Annotations

Branches:
Dungeon (3/15)

Altars:
Kikubaaqudgha
Yredelemnul


Message History

Tha orc wizard blinks!
Ye barely miss tha orc wizard.
Tha orc wizard completely misses ye.
Tha orc wizard hits ye wit' a dagger.
Tha orc wizard gestures at ye while chantin'.
Tha magic dart hits ye!
A magic dart appears from outta thin air!
Tha magic dart hits ye!
A puff o' flame appears from outta thin air!
Tha puff o' flame hits ye!
* * * LOW HITPOINT WARNIN'
* * * Tha orc wizard casts a spell.
Tha orc wizard blinks!
Somethin' tries ta affect ye, but ye resist.
Somethin' tries ta affect ye, but ye resist.
An orc wizard appears from thin air!
Reactivatin' autopickup.
Tha orc wizard gestures at ye while chantin'.
Tha puff o' flame hits ye!
Ouch! Tha re'lly hurt!
Ye die...

#.#
#..###.##.#
#.#
#.>.##.##.#
####.#
##..##.##o#
.....#
#......#.#
.#####
#.#....#.#
.#
#.#.#(.#.#
.#
#.#.##.#.#
.#
#....#.#.#
.#
###..#.#@#
.# #..#.#.#
## #....#.#
##.###.#
#.###.##
#......#
#.######
###


You could see an orc wizard.

Vanquished Creatures
  4 adders
  2 oozes
  3 dart slugs
  A giant gecko (D:2)
  8 bats
  2 giant cockroaches (D:2)
  4 goblins
  5 hobgoblins
  2 jackals (D:2)
  A ball python (D:2)
  4 giant newts
  10 kobolds
  13 rats
  A spectral orc (D:2)
60 creatures vanquished.

Notes
Turn   | Place    | Note
--------------------------------------------------------------
     0 | D:1      | Heedrag the Deep Elf Conjurer began the quest for the Orb.
     0 | D:1      | Reached XP level 1. HP: 10/10 MP: 6/6
   119 | D:1      | Reached XP level 2. HP: 8/15 MP: 1/8
   626 | D:1      | Reached XP level 3. HP: 18/19 MP: 6/10
   631 | D:1      | Learned a level 3 spell: Dazzling Spray
  1220 | D:2      | Found a basalt altar of Yredelemnul.
  1429 | D:2      | Found an ancient bone altar of Kikubaaqudgha.
  1445 | D:2      | Reached XP level 4. HP: 24/24 MP: 6/11
  1458 | D:2      | Learned a level 4 spell: Iskenderun's Mystic Blast
  1870 | D:3      | Reached skill level 5 in Conjurations
  2029 | D:3      | Killed from afar by an orc wizard

Skill      XL: |  1  2  3  4 |
---------------+-------------+-----
Stealth        | 3 4 |  4.2
Dodging        | 3 |  3.5
Conjurations   | 5 |  5.0
Spellcasting   | |  3.9

Action                   |  1- 3 |  4- 6 || total
-------------------------+-------+-------++-------
Melee: Short sword       |     5 |     2 ||     7
 Cast: Magic Dart        |    82 |    28 ||   110
  Eat: Chunk             |     1 |     2 ||     3
Armor: Robe              |     6 |       ||     6
Dodge: Dodged            |    19 |     9 ||    28
